 Dungeon Crawl Stone Soup version 0.27-a0-1158-gaa87e14f67 (webtiles) character file.

Game seed: 4768725147858684639

46556 freelancePsychic the Blocker (level 14, -5/115 HPs)
             Began as a Djinni Wanderer on May 15, 2021.
             Was the Champion of Ashenzari.
             Slain by a boulder beetle (57 damage)
             ... on level 11 of the Dungeon on May 16, 2021.
             The game lasted 01:05:26 (15508 turns).

freelancePsychic the Blocker (Djinni Wanderer)     Turns: 15508, Time: 01:05:27

Health: -5/115     AC:  6    Str: 15    XL:     14   Next: 77%
Gold:   795        EV:  7    Int: 29    God:    Ashenzari [******] SH:  0 Dex:  8

rFire    + . .     SeeInvis +   b - +0 rapier "Mantic Entitlement" {Evo, Melee} (curse)
rCold    . . .     Faith    .   a - +4 tower shield of the Profound Portent {Melee, Self} (curse)
rNeg     . . .     Spirit   .   l - +0 robe "Oracular Limitation" {Fly Regen+, Melee, Fort} (curse)
rPois    ∞         Reflect  .   p - +0 helmet "Tethered With Me" {Cun, Range} (curse)
rElec    +         Harm     .   K - +0 cloak of Cremastomancy {Melee, Self} (curse)
rCorr    .         Rampage  .   m - +0 pair of gloves "Bitterness of the Sky" {Evo, Melee} (curse)
Will     +....     Clarity  +   (boots unavailable)
Stlth    +.........             t - amulet of Ashenzari's Failure {Regen+, Cun, Evo} (curse)
HPRegen  2.29/turn              E - ring of the Circumscribed Moon {rElec Str+6 Int+5, Cun, Evo} (curse)
MPRegen  0.00/turn              o - ring "Share My Autotheism" {Ice, Evo, Melee} (curse)

@: flying, very slightly contaminated, held
A: sickness immunity, fire resistance 2, cold vulnerability 1, float, innate
caster, hp casting, extra vitality 1, weak 1
a: Renounce Religion, Shatter the Chains


You were on level 11 of the Dungeon.
You worshipped Ashenzari.
Ashenzari was exalted by your worship.
You visited 2 branches of the dungeon, and saw 17 of its levels.
You also visited: Sewer and Ossuary.

You collected 1177 gold pieces.
You spent 382 gold pieces at shops.

Inventory:

Hand Weapons
 b - the cursed +0 rapier "Mantic Entitlement" (weapon) {Evo, Melee}
   (You found it on level 3 of the Dungeon)

   It has a curse which improves the following skills: Evocations: Evocations.
   Melee Combat: Short Blades, Long Blades, Axes, Maces & Flails, Polearms,
   Staves and Unarmed Combat.
Missiles
 c - 146 bolts
 B - 7 curare-tipped darts
Armour
 a - the cursed +4 tower shield of the Profound Portent (worn) {Melee, Self}
   (You bought it in a shop on level 1 of the Dungeon)

   It has a curse which improves the following skills: Melee Combat: Short
   Blades, Long Blades, Axes, Maces & Flails, Polearms, Staves and Unarmed
   Combat.
   Introspection: Fighting and Spellcasting.
 l - the cursed +0 robe "Oracular Limitation" (worn) {Fly Regen+, Melee, Fort}
   (You bought it in a shop on level 1 of the Dungeon)

   It grants you flight.
   It increases your rate of health regeneration.
   It has a curse which improves the following skills: Melee Combat: Short
   Blades, Long Blades, Axes, Maces & Flails, Polearms, Staves and Unarmed
   Combat.
   Fortitude: Armour and Shields.
 m - the cursed +0 pair of gloves "Bitterness of the Sky" (worn) {Evo, Melee}
   (You found it on level 3 of the Dungeon)

   It has a curse which improves the following skills: Evocations: Evocations.
   Melee Combat: Short Blades, Long Blades, Axes, Maces & Flails, Polearms,
   Staves and Unarmed Combat.
 p - the cursed +0 helmet "Tethered With Me" (worn) {Cun, Range}
   (You found it on level 1 of the Lair of Beasts)

   It has a curse which improves the following skills: Cunning: Dodging and
   Stealth.
   Ranged Combat: Slings, Bows, Crossbows and Throwing.
 K - the cursed +0 cloak of Cremastomancy (worn) {Melee, Self}
   (You found it on level 1 of the Dungeon)

   It has a curse which improves the following skills: Melee Combat: Short
   Blades, Long Blades, Axes, Maces & Flails, Polearms, Staves and Unarmed
   Combat.
   Introspection: Fighting and Spellcasting.
Jewellery
 o - the cursed ring "Share My Autotheism" (right hand) {Ice, Evo, Melee}
   (You found it on level 4 of the Dungeon)

   [ring of ice]

   It enhances your ice magic.
   It makes you vulnerable to fire.
   It protects you from cold.
   It has a curse which improves the following skills: Evocations: Evocations.
   Melee Combat: Short Blades, Long Blades, Axes, Maces & Flails, Polearms,
   Staves and Unarmed Combat.
 s - a ring of willpower
 t - the cursed amulet of Ashenzari's Failure (around neck) {Regen+, Cun, Evo}
   (You found it on level 5 of the Dungeon)

   [amulet of regeneration]

   It increases your rate of health regeneration.
   It has a curse which improves the following skills: Cunning: Dodging and
   Stealth.
   Evocations: Evocations.
 E - the cursed ring of the Circumscribed Moon (left hand) {rElec Str+6 Int+5, Cun, Evo}
   (You acquired it in an ossuary)

   [ring of strength]

   It affects your strength (+6).
   It affects your intelligence (+5).
   It insulates you from electricity.
   It has a curse which improves the following skills: Cunning: Dodging and
   Stealth.
   Evocations: Evocations.
 M - an amulet of the acrobat
Wands
 d - a wand of paralysis (16)
 r - a wand of mindburst (35)
 y - a wand of digging (14)
 H - a wand of flame (60)
 L - a wand of iceblast (8)
Scrolls
 e - 4 scrolls of noise
 n - 3 scrolls of enchant weapon
 u - 2 scrolls of brand weapon
 v - 6 scrolls of fear
 x - 4 scrolls of teleportation {@r4}
 F - 6 scrolls of blinking
 I - a scroll of magic mapping
 J - 3 scrolls of fog
 N - 3 scrolls of enchant armour
Potions
 f - 2 potions of flight
 g - a potion of ambrosia
 h - 4 potions of heal wounds {@q2}
 i - 2 potions of lignification
 j - a potion of mutation
 k - 2 potions of cancellation
 q - 2 potions of berserk rage
 w - 4 potions of haste {@q3}
 z - 3 potions of curing {@q1}
 A - 6 potions of brilliance
 C - 3 potions of magic
 D - 2 potions of resistance
 G - 3 potions of might
Miscellaneous
 O - a phial of floods
 P - a phantom mirror


   Skills:
 + Level 11.7(15.9) Fighting
 - Level 2.3(9.0) Short Blades
 - Level 1.0(5.6) Maces & Flails
 - Level 3.0(5.6) Armour
 + Level 10.0(15.6) Dodging
 + Level 14.0(16.6) Shields
 + Level 10.6(14.8) Spellcasting
 - Level 1.9(7.5) Evocations


You had 9 spell levels left.
You knew the following spells:

 Your Spells              Type           Power      Damage    Failure   Level
a - Magic Dart            Conj           100%       1d8       0%          1
b - Blink                 Tloc           N/A        N/A       1%          2
c - Ignite Poison         Fire/Tmut/Pois 82%        N/A       1%          3
d - Summon Ice Beast      Ice/Summ       100%       N/A       1%          4
e - Mephitic Cloud        Conj/Pois/Air  82%        N/A       1%          3
f - Lee's Rapid Deconstr  Erth           41%        3d21*     1%          5
g - Conjure Flame         Conj/Fire      82%        6-21      1%          3
h - Irradiate             Conj/Tmut      41%        3d27      1%          5
i - Call Imp              Summ           82%        N/A       1%          2
j - Slow                  Hex            82%        N/A       1%          2
k - Static Discharge      Conj/Air       82%        N/A       1%          2
l - Animate Skeleton      Necr           100%       N/A       0%          1
Your spell library was empty.

Dungeon Overview and Level Annotations

Branches:
Dungeon (11/15)            Temple (0/1) D:7            Lair (6/6) D:8
 Shoals (0/4) Lair:3        Snake (0/4) Lair:3        Slime (0/5) Lair:5
  Sewer (visited)         Ossuary (visited)
    Orc: D:9-12

Altars:
Ashenzari
Cheibriados
Dithmenos
Elyvilon
Kikubaaqudgha
Qazlal
Uskayaw
Vehumet
Wu Jian
Xom
Yredelemnul
Zin
The Shining One
Jiyva

Shops:
D:1 [   D:4 *=

Portals:
Abyss: Lair:3

Annotations:
D:3 Ijyb
D:6 2 runed translucent doors, Thatotherguy's ghost, novice DjIE
D:7 1 runed translucent door, Crazy Yiuf
D:9 2 transporters
D:11 Harold
Lair:3 2 transporters, leviel's ghost, journeyman MiFi


Innate Abilities, Weirdness & Mutations

You are immune to sickness and miasma.
You are immune to poison.
Your flesh is very heat resistant. (rF++)
You are vulnerable to cold. (rC-)
You float through the air rather than walking.
You learn spells naturally, not from books.
Your magical power is your life essence.
You have superior vitality. (+4 HP)
You are weak. (Str -2)


Message History

The orc priest is engulfed in blazing flames.
You kill the orc priest!
Casting: Ignite Poison (safe; 1% risk of failure)
Confirm with . or Enter, or press ? or * to list all spells.
Aiming: Mephitic Cloud (safe; 1% risk of failure)
Press: ? - help, Shift-Dir - straight line, f - Harold
Aim: Harold, wielding a +2 mace of distortion, wearing a +0 scale mail and quivering 3 throwing nets (severely wounded, chance to affect: 58%)
The ball explodes into a vile cloud!
The stinking cloud engulfs Harold but does no damage.
Harold is severely wounded.
The stinking cloud engulfs the centaur warrior zombie but does no damage.
The centaur warrior zombie is almost destroyed.
The stinking cloud engulfs the orc but does no damage.
The orc is lightly wounded.
The centaur warrior zombie is engulfed in blazing flames.
You block the centaur warrior zombie's attack. x2
The orc is engulfed in noxious fumes.
The orc appears confused.
The orc hits the centaur warrior zombie with a +0 flail.
The centaur warrior zombie is destroyed!
The boulder beetle is engulfed in blazing flames.
The boulder beetle curls into a ball and begins rolling!
Harold is engulfed in noxious fumes.
Harold throws a throwing net.
The throwing net hits you.
You become entangled in the net!
Casting: Mephitic Cloud (safe; 1% risk of failure)
Confirm with . or Enter, or press ? or * to list all spells.
You ignite the poison in your surroundings!
The orc is engulfed in blazing flames.
You kill the orc!
The boulder beetle is engulfed in blazing flames.
The orc wizard zaps a wand.
The bolt of acid hits the orc!!
The orc is splashed with acid.
The acid corrodes the orc!
The orc dies!
The bolt of acid misses you.
The boulder beetle is engulfed in blazing flames.
Harold is engulfed in blazing flames.
You struggle against the net.
The boulder beetle is engulfed in blazing flames.
The boulder beetle hits you!!!
You die...

,,**,* ,, ***** * ,**,*,,
...., , * * , * , .......,
, ,, , ** *,
....(........#.######## * ,
....<................... ,
* ......O........##########
, .....○°#############.....
, ,
...../○○.............>... *
* * #g☼○B@.#########......
,,,,, ,,
+.○○○@.°...#####...... * *
,** *#☼§°.○○○...#####......
, ....°)§)§○°..............
*
,,....§§§).......####......
, *,, ,
...)..o..................
,,, ,
................###...... ,
,..o.............#..<.....
, ,,,
,................#.#......


You could see a boulder beetle (rolling), Harold, a two-headed ogre, an orc
wizard (invisible), an orc (confused) and a goblin.

Vanquished Creatures
  Snorg (Lair:6)
  Fannar (Lair:3)
  3 hydras
  3 catoblepae (Lair:6)
  3 two-headed ogres
  5 death yaks (Lair:6)
  An oklob plant (Lair:6)
  Pikel (D:6)
  4 manticores
  A torpor snail (Lair:4)
  6 elephants (Lair:6)
  3 black mambas (Lair:6)
  Psyche (D:10)
  13 cane toads
  An unseen horror (D:10)
  7 komodo dragons
  2 rime drakes
  A troll (D:10)
  2 polar bears
  23 blink frogs
  A hornet (D:11)
  Prince Ribbit (D:5)
  A snapping turtle (Lair:3)
  Grinder (D:6)
  2 wyverns (Lair:3)
  3 basilisks
  A vampire (D:10)
  A wraith (Ossuary)
  A human (D:11)
  44 yaks
  An acid dragon (D:8)
  5 nagas (Lair:3)
  16 water moccasins
  A sky beast (D:6)
  8 orc warriors
  2 ice beasts
  2 necrophages
  24 wolves
  3 centaurs
  2 kobold brigands
  Blork the orc (D:4)
  16 bullfrogs
  A gnoll sergeant (D:7)
  A wyvern zombie (D:7)
  9 wights
  An electric eel (Lair:3)
  4 howler monkeys
  8 centaur zombies
  3 hounds
  A jelly (D:4)
  9 orc priests
  3 centaur skeletons
  A human zombie (D:9)
  6 orc wizards
  2 killer bee zombies
  2 mummies
  3 howler monkey zombies (D:9)
  8 gnolls
  11 adders
  2 shadow imps (D:7)
  2 white imps
  2 ufetubi
  An adder skeleton (D:5)
  3 dart slugs
  30 orcs
  4 bats
  8 endoplasms
  18 giant cockroaches
  5 hobgoblins
  7 jackals (D:1)
  10 quokkas
  13 ball pythons
  7 frilled lizards
  6 gnoll skeletons (Ossuary)
  8 goblins
  18 kobolds
  8 kobold skeletons (Ossuary)
  9 orc skeletons (Ossuary)
  A quokka skeleton (D:4)
  6 rats
  A toadstool (D:2)
461 creatures vanquished.

Vanquished Creatures (collateral kills)
  A hydra (Lair:5)
  2 two-headed ogres (D:9)
  3 yaks (Lair:3)
  A basilisk (Lair:3)
  A wyvern (Lair:5)
  A naga (Lair:3)
  A water moccasin (Lair:3)
  A wolf (Lair:3)
  A wight (D:9)
  A howler monkey (D:9)
  An adder (Sewer)
  2 orcs (D:9)
  An endoplasm (Sewer)
  3 giant cockroaches (Sewer)
  2 orc skeletons (Ossuary)
22 creatures vanquished.

Vanquished Creatures (others)
  An orc (D:11)
  26 fungi
  36 plants
  5 toadstools (D:2)
68 creatures vanquished.

Grand Total: 551 creatures vanquished

Notes
Turn   | Place    | Note
-------+----------+-------------------------------------------
     0 | D:1      | freelancePsychic the Djinni Wanderer began the quest for
                  | the Orb.
     0 | D:1      | Reached XP level 1. HP: 17/17 MP: 0/0
    39 | D:1      | Found Hugoaxank's Antique Armour Boutique.
   113 | D:1      | Reached XP level 2. HP: 8/22 MP: 0/0
   666 | D:1      | Reached XP level 3. HP: 26/27 MP: 0/0
   666 | D:1      | Learned a level 1 spell: Animate Skeleton
  1559 | D:3      | Found a glowing drain.
  1569 | D:3      | Reached XP level 4. HP: 18/33 MP: 0/0
  1804 | Sewer    | Entered a sewer
  2357 | Sewer    | Reached XP level 5. HP: 36/39 MP: 0/0
  2357 | Sewer    | Learned a level 2 spell: Static Discharge
  2771 | Sewer    | Noticed a bullfrog
  2784 | Sewer    | Killed a bullfrog
  2785 | Sewer    | Reached XP level 6. HP: 16/46 MP: 0/0
  3159 | D:3      | Found a broken altar of Ashenzari.
  3171 | D:3      | Became a worshipper of Ashenzari the Shackled
  3318 | D:1      | Bought a shadowed robe for 165 gold pieces
  3318 | D:1      | Identified the +0 robe "Juim" {Fly Regen+} (You bought it
                  | in a shop on level 1 of the Dungeon)
  3715 | D:3      | Found a snail-covered altar of Cheibriados.
  3802 | D:3      | Noticed Ijyb
  3998 | D:4      | Found Gous's General Store.
  4047 | D:4      | Found Lysaat's Jewellery Shop.
  4123 | D:4      | Noticed Blork the orc
  4134 | D:4      | Killed Blork the orc
  4255 | D:4      | Reached XP level 7. HP: 51/51 MP: 0/0
  4255 | D:4      | Learned a level 3 spell: Ignite Poison
  4452 | D:4      | Reached skill level 5 in Spellcasting
  4467 | D:5      | Entered Level 5 of the Dungeon
  4619 | D:5      | Reached * piety under Ashenzari
  4929 | D:5      | Noticed Prince Ribbit
  4935 | D:5      | Killed Prince Ribbit
  5025 | D:5      | Reached ** piety under Ashenzari
  5294 | D:5      | Reached *** piety under Ashenzari
  5815 | D:6      | Noticed Pikel
  5823 | D:6      | Killed Pikel
  5824 | D:6      | Reached skill level 5 in Fighting
  5824 | D:6      | Reached XP level 8. HP: 53/60 MP: 0/0
  5859 | D:6      | Reached XP level 9. HP: 50/66 MP: 0/0
  5859 | D:6      | Learned a level 4 spell: Summon Ice Beast
  5933 | D:6      | Found a runed translucent door.
  5934 | D:6      | Noticed Thatotherguy's ghost (novice DjIE)
  6070 | D:6      | Noticed Grinder
  6081 | D:6      | Killed Grinder
  6356 | D:6      | Found a runed translucent door.
  6678 | D:7      | Reached skill level 1 in Evocations
  6768 | D:7      | Found a shadowy altar of Dithmenos.
  6947 | D:7      | Found a runed translucent door.
  6948 | D:7      | Noticed Crazy Yiuf
  7004 | D:7      | Found a white marble altar of Elyvilon.
  7339 | D:7      | Reached **** piety under Ashenzari
  7444 | D:7      | Found a staircase to the Ecumenical Temple.
  7600 | D:8      | Found a sand-covered staircase.
  7609 | D:8      | Reached XP level 10. HP: 76/76 MP: 0/0
  7611 | Ossuary  | Entered an ossuary
  7655 | Ossuary  | Identified a scroll of acquirement
  7687 | Ossuary  | Acquired the ring of the Princeling {rElec Str+6 Int+5}
  7803 | D:8      | Found a glowing silver altar of Zin.
  7807 | D:8      | Found a glowing golden altar of the Shining One.
  7893 | D:8      | Found an ornate altar of the Wu Jian Council.
  8025 | D:8      | Reached skill level 3 in Shields
  8032 | D:8      | Noticed a two-headed ogre
  8058 | D:9      | Noticed a two-headed ogre
  8070 | D:9      | Killed a two-headed ogre
  8071 | D:9      | Reached skill level 4 in Shields
  8196 | D:9      | Reached skill level 5 in Shields
  8281 | D:9      | Noticed a two-headed ogre
  8294 | D:9      | Killed a two-headed ogre
  8348 | D:9      | Found a transporter.
  8369 | D:9      | Noticed a kobold demonologist
  8369 | D:9      | Noticed a kobold demonologist
  8371 | D:9      | Noticed a deep elf knight
  8380 | D:9      | Found a transporter.
  8387 | D:9      | Noticed a kobold demonologist
  8387 | D:9      | Noticed a fire crab
  8471 | D:9      | Found a basalt altar of Yredelemnul.
  8900 | D:8      | Killed a two-headed ogre
  8901 | D:8      | Reached skill level 1 in Dodging
  8901 | D:8      | Reached skill level 6 in Shields
  8901 | D:8      | Reached XP level 11. HP: 73/85 MP: 0/0
  8901 | D:8      | Learned a level 5 spell: Irradiate
  8965 | D:8      | Found a staircase to the Lair.
  9336 | D:8      | Noticed a two-headed ogre
  9345 | D:8      | Killed a two-headed ogre
  9346 | D:8      | Reached skill level 7 in Shields
  9537 | D:1      | Bought a runed tower shield for 217 gold pieces
  9683 | Lair:1   | Entered Level 1 of the Lair of Beasts
  9694 | Lair:1   | Reached skill level 10 in Fighting
  9739 | Lair:1   | Reached ***** piety under Ashenzari
  9795 | Lair:1   | Reached skill level 8 in Shields
  9910 | Lair:1   | Identified the +8 short sword "Qont" {vorpal, Will+}
 10055 | Lair:1   | Reached skill level 9 in Shields
 10408 | Lair:2   | Reached XP level 12. HP: 93/96 MP: 0/0
 10502 | Lair:2   | Reached skill level 10 in Shields
 11121 | Lair:3   | Found a transporter.
 11122 | Lair:3   | Found a transporter.
 11128 | Lair:3   | Noticed leviel's ghost (journeyman MiFi)
 11129 | Lair:3   | Noticed a thrashing horror
 11139 | Lair:3   | Found a one-way gate to the infinite horrors of the Abyss.
 11139 | Lair:3   | Noticed a rakshasa
 11162 | Lair:3   | Noticed a sixfirhy
 11454 | D:1      | Reached ****** piety under Ashenzari
 11740 | Lair:3   | Found a staircase to the Shoals.
 11771 | Lair:3   | Noticed a six-headed hydra
 11778 | Lair:3   | Killed a six-headed hydra
 11779 | Lair:3   | Reached skill level 11 in Shields
 11950 | Lair:3   | Noticed a five-headed hydra
 11960 | Lair:3   | Found a staircase to the Snake Pit.
 11962 | Lair:3   | Killed a five-headed hydra
 11963 | Lair:3   | Reached skill level 5 in Dodging
 12079 | Lair:3   | Noticed Fannar
 12093 | Lair:3   | Killed Fannar
 12094 | Lair:3   | Reached skill level 12 in Shields
 12103 | Lair:3   | Reached XP level 13. HP: 105/105 MP: 0/0
 12103 | Lair:3   | Learned a level 5 spell: Lee's Rapid Deconstruction
 13137 | Lair:5   | Noticed a seven-headed hydra
 13143 | Lair:5   | Killed a seven-headed hydra
 13172 | Lair:5   | Found a shimmering altar of Xom.
 13214 | Lair:5   | Reached skill level 13 in Shields
 13532 | Lair:5   | Found a viscous altar of Jiyva.
 13600 | Lair:5   | Found a staircase to the Slime Pits.
 13737 | Lair:6   | Entered Level 6 of the Lair of Beasts
 13744 | Lair:6   | Noticed an eight-headed hydra
 13756 | Lair:6   | Gained mutation: You are weak. (Str -2) [mutagenic glow]
 13823 | Lair:6   | Killed an eight-headed hydra
 13938 | Lair:6   | Reached skill level 10 in Spellcasting
 13946 | Lair:6   | Reached XP level 14. HP: 114/114 MP: 0/0
 14391 | Lair:6   | Noticed Snorg
 14429 | Lair:6   | Killed Snorg
 14855 | D:10     | Entered Level 10 of the Dungeon
 14872 | D:10     | Found a hide-covered altar of Uskayaw.
 14874 | D:10     | Found a stormy altar of Qazlal.
 15096 | D:10     | Noticed Psyche
 15103 | D:10     | Killed Psyche
 15104 | D:10     | Reached skill level 14 in Shields
 15489 | D:11     | Noticed Harold
 15496 | D:11     | Reached skill level 10 in Dodging
 15508 | D:11     | Slain by a boulder beetle

Illustrated notes

Levels and vault maps discovered:
D:1:      heliophobic_arrival_glass_houses, layout_loops_corners, serial_shops,
          shop, roderic_malta_cross
D:2:      layout_basic, shapermc_ecumenical_altar_hornbeckon,
          minmay_gold_behind_fungi, uniq_sigmund
D:3:      minmay_wonky_spiral, layout_loops_cross, overflow_temple_1_default,
          kennysheep_slug_shrine, portal_sewer_entry_f, uniq_ijyb
D:4:      layout_basic, serial_shops, nicolae_shop_window_shopping, shop,
          uniq_blork_the_orc
D:5:      layout_layer_cave, uniq_prince_ribbit1
D:6:      layout_gridville, kennysheep_mini_moat, ebering_ghost_sewer_f,
          minivault_26, minmay_statues_item, amcnicky_mini_corridor_feature,
          uniq_grinder, uniq_pikel
D:7:      layout_loops_cross, elyvilon_altar_5, nicolae_dithmenos_the_darkroom,
          minmay_temple_entry_enclosed_plants, uniq_crazy_yiuf_cottage
D:8:      layout_cave_pods, pdpol_wu_jian_five_deadly_venoms,
          grunt_temple_overflow_open, david_lair_shrubbed,
          nicolae_ossuary_entry_monument
D:9:      gammafunk_wand_slinger, layout_cave_pools, vehumet_altar_wand_db,
          lemuel_mausoleum_altar_yredelemnul, serial_rivers,
          chequers_serial_rivers_large_b, chequers_serial_rivers_micro_c,
          chequers_serial_rivers_room_a, chequers_serial_rivers_marsh,
          chequers_serial_rivers_large_a
D:10:     layout_small_grid, nicolae_overflow_hidden_temple, uniq_psyche
D:11:     layout_basic, erik_orc_4, nicolae_uskayaw_murder_on_the_dancefloor,
          uniq_harold
Lair:1:   layout_chaotic_city, grunt_megastairs_2, serial_bayou_shore_b
Lair:2:   layout_regular_city, beast_lair_carwin_4
Lair:3:   layout_hall_layers, minmay_shoals_entry_hut,
          minmay_snake_entry_guardpost_medium, gammafunk_ghost_abyssal_escape,
          beast_lair_carwin_6, infiniplex_staircase_pool, uniq_fannar
Lair:4:   layout_gridlike, grunt_forest_small_clearing_treed
Lair:5:   layout_regular_city, dpeg_slime_entry_enclosed_altar, basic_altar,
          lemuel_fruit_fields
Lair:6:   evilmike_catoblepas_cave, layout_misc_corridors, grunt_megastairs_4,
          lemuel_fruit_fields, uniq_snorg

Skill      XL: |  1  2  3  4  5  6  7  8  9 10 11 12 13 14 |
---------------+-------------------------------------------+-----
Spellcasting   | 3 4 6 7 8 9 10 | 10.6
Fighting       | 2 3 5 6 8 9 10 11 | 11.7
Short Blades   | 2 |  2.3
Evocations     | 1 |  1.9
Shields        | 6 9 12 13 14 | 14.0
Dodging        | 1 3 5 8 10 | 10.0
Maces & Flails | |  1.0
Armour         | |  3.0

Action                   |  1- 3 |  4- 6 |  7- 9 | 10-12 | 13-15 || total
-------------------------+-------+-------+-------+-------+-------++-------
Melee: Rapier            |       |     3 |    35 |   151 |   137 ||   326
 Fire: Hand crossbow     |    76 |     1 |       |       |       ||    77
 Cast: Magic Dart        |    17 |   182 |    40 |    56 |    15 ||   310
       Animate Skeleton  |       |     4 |       |       |       ||     4
       Call Imp          |       |     3 |       |       |       ||     3
       Static Discharge  |       |     3 |       |       |       ||     3
       Mephitic Cloud    |       |     3 |    53 |   114 |    77 ||   247
       Blink             |       |     3 |     1 |     3 |       ||     7
       Ignite Poison     |       |       |    50 |    89 |    62 ||   201
       Conjure Flame     |       |       |     1 |       |     1 ||     2
       Summon Ice Beast  |       |       |     1 |     8 |     2 ||    11
       Irradiate         |       |       |       |    22 |    46 ||    68
       Lee's Rapid Decon |       |       |       |       |    13 ||    13
Invok: Curse Item        |       |     1 |     5 |     4 |       ||    10
       Shatter the Chain |       |       |       |     1 |       ||     1
  Use: Scroll            |     3 |     1 |       |     3 |       ||     7
       Potion            |     1 |       |       |       |     1 ||     2
 Stab: Confused          |       |       |       |     5 |     5 ||    10
       Sleeping          |       |       |       |     2 |       ||     2
       Petrified         |       |       |       |       |     7 ||     7
Armor: Ring mail         |    18 |    10 |       |       |       ||    28
       Robe              |       |     2 |    12 |    21 |    22 ||    57
Dodge: Dodged            |    27 |    35 |    44 |    83 |    36 ||   225
Block: Tower shield      |       |       |       |   137 |   182 ||   319

Table legend: (Time is in decaauts)
 A = Elapsed time spent in this place.
 B = Non-inter-level travel time spent in this place.
 C = Inter-level travel time spent in this place.
 D = Time resting spent in this place.
 E = Time spent auto-exploring this place.
 F = Levels seen in this place.
 G = Mean time per level.
                   A        B        C        D        E       F      G
               +--------+--------+--------+--------+--------+-----+--------+
         Total |  15564 |  14047 |   1517 |    641 |  10745 |  19 |  819.2 |
       Dungeon |   9360 |   8263 |   1097 |    316 |   6587 |  11 |  850.9 |
          Lair |   4691 |   4271 |    420 |     34 |   3223 |   6 |  781.8 |
         Sewer |   1336 |   1336 |      0 |    291 |    841 |   1 | 1336.0 |
       Ossuary |    177 |    177 |      0 |      0 |     94 |   1 |  177.0 |
               +--------+--------+--------+--------+--------+-----+--------+

Top non-repeatable levels by time:
     D:1: 1454 daAuts
     D:5: 1442 daAuts
   Sewer: 1336 daAuts
     D:8: 1122 daAuts
     D:3: 1098 daAuts
     D:7: 1086 daAuts
  Lair:3: 856 daAuts
  Lair:1: 828 daAuts
     D:9: 814 daAuts
  Lair:6: 807 daAuts
     D:6: 785 daAuts
  Lair:5: 749 daAuts
  Lair:2: 746 daAuts
  Lair:4: 702 daAuts
    D:10: 590 daAuts
